 Dungeon Crawl Stone Soup version 0.30-b1-2-g02819fbbbe (webtiles) character file.

Game seed: 5977437584425466260

32 TittyCrusher the Insei (level 3, 0/29 HPs)
             Began as a Formicid Monk on May 3, 2023.
             Slain by a gnoll
             ... wielding a +0 flail
              (4 damage)
             ... on level 1 of the Dungeon.
             The game lasted 00:02:04 (631 turns).

TittyCrusher the Insei (Formicid Monk)               Turns: 631, Time: 00:02:04

Health: 0/29       AC:  5    Str: 15    XL:     3   Next: 42%
Magic:  3/3        EV: 11    Int:  9    God:
Gold:   46         SH:  0    Dex: 18    Spells: 2/2 levels left

rFire   . .          .
                       - Unarmed
rCold   . . .        c - orb {light}
rNeg    . . .        j - +0 ring mail
rPois   .            (helmet unavailable)
rElec   .            (no cloak)
rCorr   .            (no gloves)
SInv    +            (no boots)
Will    .....        (no amulet)
Stlth   +            (no ring)
HPRegen 0.24/turn    (no ring)
MPRegen 0.08/turn

%: no passive effects
@: glowing
A: permanent stasis, dig shafts and tunnels, antennae 3, four strong arms
a: Dig, Shaft Self


You were on level 1 of the Dungeon.
You visited 1 branch of the dungeon, and saw 2 of its levels.

You collected 46 gold pieces.

Inventory:

Missiles
 d - 12 stones
Armour
 c - an orb of light (worn)
 j - a +0 ring mail (worn)
Scrolls
 k - a scroll of torment {unknown}
 l - a scroll of teleportation {unknown}
Potions
 b - a potion of ambrosia
 e - a potion of might
 f - a potion of curing
 g - a potion of degeneration {unknown}
 h - a potion of mutation {unknown}
 i - a potion of heal wounds {unknown}


   Skills:
 - Level 3.2 Fighting
 - Level 2.6 Dodging
 + Level 4.3 Unarmed Combat


You had 2 spell levels left.
You didn't know any spells.
Your spell library was empty.

Dungeon Overview and Level Annotations

Branches:
Dungeon (2/15)

Altars:


Innate Abilities, Weirdness & Mutations

You cannot be hasted, slowed, berserked, paralysed or teleported.
You can dig through walls and to a lower floor.
You have a pair of large antennae on your head. (SInv)
Your four strong arms can wield two-handed weapons with a shield.


Message History

Unknown command.
Things that are here:
a +0 spear; a gnoll corpse You start resting.
HP restored.
There is a stone staircase leading down here.
You climb downwards.
The gnoll closely misses you. The gnoll hits you but does no damage.
There is a stone staircase leading up here.
Unknown command.
The gnoll misses you.
You climb upwards.
There is a stone staircase leading down here.
Unknown command.
You barely miss the gnoll. You barely miss the gnoll.
The gnoll hits you with a +0 flail.
You hit the gnoll.
The gnoll is heavily wounded.
The gnoll hits you with a +0 flail!
You hit the gnoll.
The gnoll is severely wounded.
The gnoll hits you with a +0 flail!
* * * LOW HITPOINT WARNING * * *
You are too injured to fight recklessly!
You are too injured to fight recklessly!
You are too injured to fight recklessly!
You barely miss the gnoll.
The gnoll is severely wounded.
The gnoll hits you with a +0 flail.
* * * LOW HITPOINT WARNING * * *
You hit the gnoll but do no damage.
The gnoll is severely wounded.
The gnoll barely misses you.
You barely miss the gnoll.
The gnoll is severely wounded.
The gnoll completely misses you.
You hit the gnoll.
The gnoll is almost dead.
The gnoll hits you with a +0 flail.
You die...

....##..###..##......###.........
###..#.......##......<#..........
####.#...#.†###..................
...........#.#....#.......#......
...#....#..###...###.....###.....
.#.##......###.#..#....[..#......
##....#.....>....................
................[........#.##....
##..............@........#.##....
##.###.........g.)........)##....
.....................>...........
##.###...........#....##......#..
##.###....##.....####.........###
##.##.....###.#.)#######....###
#..#.....##..##.....###.#..#####
#..#........####.....##.#.......
#.........####..........#.......


You could see a gnoll.

Vanquished Creatures
  A gnoll (D:1)
  2 dart slugs (D:1)
  3 endoplasms (D:1)
  A giant cockroach (D:1)
  3 hobgoblins (D:1)
  A ball python (D:2)
  2 bats (D:1)
  A frilled lizard (D:1)
  2 kobolds (D:1)
  3 rats (D:1)
19 creatures vanquished.

Notes
Turn   | Place    | Note
-------+----------+-------------------------------------------
     0 | D:1      | TittyCrusher the Formicid Monk began the quest for the Orb.
     0 | D:1      | Reached XP level 1. HP: 18/18 MP: 1/1
    82 | D:1      | Reached XP level 2. HP: 24/24 MP: 2/2
   360 | D:1      | Reached skill level 4 in Unarmed Combat
   360 | D:1      | Reached XP level 3. HP: 27/27 MP: 3/3
   631 | D:1      | Slain by a gnoll

Illustrated notes

Levels and vault maps discovered:
D:1:      minmay_arrival_five_plusses, layout_rooms
D:2:      layout_basic, shapermc_ecumenical_altar_venn, serial_shops,
          nicolae_book_shop_shelving, uniq_terence, uniq_jessica

Skill      XL: |  1  2 |
---------------+-------+-----
Unarmed Combat | 4 |  4.3
Fighting       | |  3.2
Dodging        | |  2.6

Action                     || total
---------------------------++-------
  Melee: Unarmed           ||    61
Ability: Dig               ||     1
    Use: Scroll            ||     2
 Armour: Robe              ||     2
         Ring mail         ||     3
  Dodge: Dodged            ||    34
